 Dungeon Crawl Stone Soup version 0.28.0-45-g0d030f2227 (console) character file.

Game seed: 11473655674955876679

1864 Faeu the Shield-Bearer (level 8, 0/74 HPs)
             Began as a Minotaur Fighter on Apr 19, 2022.
             Was a Follower of Elyvilon.
             Slain by a yak (9 damage)
             ... on level 6 of the Dungeon.
             The game lasted 00:18:31 (6051 turns).

Faeu the Shield-Bearer (Minotaur Fighter)           Turns: 6051, Time: 00:18:31

Health: 0/74       AC: 12    Str: 24    XL:     8   Next: 90%
Magic:  7/7        EV:  8    Int:  5    God:    Elyvilon [*.....]
Gold:   178        SH:  5    Dex:  9    Spells: 7/7 levels left

rFire   . . .      SeeInvis .   a - +0 long sword {long}
rCold   . . .      Faith    .   c - +0 buckler
rNeg    . . .      Spirit   .   w - +0 chain mail
rPois   .          Reflect  .   (helmet restricted)
rElec   .          Harm     .   s - +0 cloak
rCorr   .          Rampage  .   (no gloves)
Will    .....                   (no boots)
Stlth   ..........              (no amulet)
HPRegen 0.22/turn               (no ring)
MPRegen 0.10/turn               (no ring)

@: no status effects
A: horns 2, retaliatory headbutt
a: Renounce Religion, Purification


You were on level 6 of the Dungeon.
You worshipped Elyvilon.
Elyvilon was aware of your devotion.
You visited 2 branches of the dungeon, and saw 7 of its levels.

You collected 178 gold pieces.


Innate Abilities, Weirdness & Mutations

You have a pair of horns on your head.
You reflexively headbutt those who attack you in melee.


   Skills:
 + Level 7.8 Fighting
 + Level 7.2 Long Blades
 + Level 7.8 Armour
 + Level 7.9 Shields


You had 7 spell levels left.
You didn't know any spells.
Your spell library was empty.

Inventory:

Hand Weapons
 a - a +0 long sword (weapon) {long}
 j - a +3 spear {polearm}
   (You found it on level 2 of the Dungeon)
 r - a +4 quarterstaff of chaos {staff}
   (You took it off Crazy Yiuf on level 3 of the Dungeon)
 t - a +1 dagger of holy wrath {short}
   (You found it on level 4 of the Dungeon)
 z - a +2 vorpal shortbow {bow}
   (You took it off a centaur on level 5 of the Dungeon)
Missiles
 i - a curare-tipped dart {=fthrowing}
 n - 2 poisoned darts {throwing}
 p - 2 boomerangs (quivered) {throwing}
Armour
 b - a +0 scale mail
 c - a +0 buckler (worn)
 s - a +0 cloak (worn)
   (You took it off Crazy Yiuf on level 3 of the Dungeon)
 w - a +0 chain mail (worn)
   (You found it on level 4 of the Dungeon)
Jewellery
 B - a +6 ring of strength
   (You found it on level 5 of the Dungeon)
Wands
 q - a wand of iceblast (11)
   (You took it off Ijyb on level 3 of the Dungeon)
 y - a wand of polymorph (4)
   (You took it off a goblin on level 4 of the Dungeon)
Scrolls
 e - 4 scrolls of teleportation {unknown}
 g - 2 scrolls of fear {unknown}
 h - 4 scrolls of identify {unknown}
 m - a scroll of amnesia {unknown}
 o - a scroll of vulnerability {unknown}
 v - a scroll of magic mapping {unknown}
 x - a scroll of immolation {unknown}
 A - a scroll of blinking {unknown}
Potions
 d - a potion of might
 f - a potion of degeneration {unknown}
 k - a potion of resistance {unknown}
 l - 5 potions of curing {unknown}
 u - a potion of flight {unknown}

Dungeon Overview and Level Annotations

Branches:
Dungeon (6/15)             Temple (1/1) D:4

Altars:
Cheibriados
Dithmenos
Elyvilon
Fedhas
Gozag
Makhleb
Nemelex Xobeh
Okawaru
Qazlal
Ru
Trog
Vehumet
Wu Jian
Xom
Yredelemnul
Zin

Annotations:
D:1 1 runed translucent door

....... .......
....... ##
....... .##
....... ..
(.Z.. .#
..###..#.#.####
.......@.....?.
........Y......
........####...
.>....... .
.........
.........#
......)...
..........


You could see a yak and a howler monkey zombie.


Message History

The boomerang {throwing} completely misses the yak.
The boomerang {throwing} hits the yak.
The yak is no longer moving slowly.
A yak comes into view.
The yak bellows!
You hit the yak. You block the yak's attack.
You hit the yak but do no damage. You headbutt the yak.
The yak gores you. 😕 HP[-2]
You take 2 damage, and now have 71/73 hp.
The yak is no longer moving slowly. 😕 HP[+1]
You hit the yak. You block the yak's attack.
You barely miss the yak.
The yak looks more healthy.
The yak barely misses you.
A yak comes into view.
The yak barely misses you.
The yak bellows!
You slash the yak! Your headbutt misses the yak.
A yak comes into view.
The yak gores you! 😕 HP[-7]
You take 7 damage, and now have 65/73 hp.
You slash the yak!
You kill the yak!
The yak looks more healthy. 😕 HP[+1]
You hit the yak but do no damage. The yak gores you! 😕 HP[-7]
You take 7 damage, and now have 59/73 hp.
You hit the yak but do no damage. The yak gores you but does no damage.
You hit the yak but do no damage. The yak barely misses you.
You barely miss the yak. You headbutt the yak! The yak gores you. 😕 HP[-3]
You take 3 damage, and now have 56/73 hp.
You slash the yak!
You kill the yak!
You barely miss the yak. Your headbutt misses the yak.
The yak gores you. 😮 HP[-4]
You take 4 damage, and now have 52/73 hp.
You closely miss the yak. You headbutt the yak. You block the yak's attack.
You hit the yak but do no damage. You headbutt the yak, but do no damage.
The yak gores you but does no damage. 😮 HP[+1]
You slash the yak! The yak gores you but does no damage.
You hit the yak but do no damage. The yak gores you! 😮 HP[-8]
You take 8 damage, and now have 45/73 hp.
You hit the yak. You barely miss the yak. You headbutt the yak!
The yak gores you!
* * * LOW HITPOINT WARNING * * *
😨 HP[-10]
You take 10 damage, and now have 35/73 hp.
You hit the yak. You headbutt the yak. The yak gores you but does no damage.
You slash the yak! The yak gores you but does no damage.
You slash the yak!
You kill the yak!
Your Long Blades skill increases to level 7!
You slash the yak! The yak gores you!
* * * LOW HITPOINT WARNING * * *
😨 HP[-7]
You take 7 damage, and now have 28/73 hp.
You hit the yak but do no damage. Your headbutt misses the yak.
The yak gores you.
* * * LOW HITPOINT WARNING * * *
😨 HP[-2]
You take 2 damage, and now have 26/73 hp.
You hit the yak but do no damage. Your headbutt misses the yak.
The yak gores you but does no damage.
You hit the yak but do no damage. You block the yak's attack.
You hit the yak.
The yak gores you but does no damage. x2
You slash the yak!
You kill the yak! 😨 HP[+1]
You now have 74 max hp (+1).
You slash the yak! The yak gores you!
* * * LOW HITPOINT WARNING * * *
😨 HP[-7]
You take 7 damage, and now have 20/74 hp.
You slash the yak! You headbutt the yak, but do no damage.
You block the yak's attack. 😨 HP[+1]
You slash the yak! The yak barely misses you.
You barely miss the yak. You headbutt the yak. The yak gores you.
* * * LOW HITPOINT WARNING * * *
The yak gores you.
* * * LOW HITPOINT WARNING * * *
😱 HP[-6]
You take 6 damage, and now have 15/74 hp.
You closely miss the yak. The yak gores you but does no damage.
You hit the yak. The yak closely misses you. 😱 HP[+1]
You completely miss the yak. You headbutt the yak, but do no damage.
The yak gores you!
* * * LOW HITPOINT WARNING * * *
😱 HP[-8]
You take 8 damage, and now have 8/74 hp. 😱 HP[+1]
There is a stone staircase leading down here.
The yak gores you! Elyvilon protects you from harm!
You climb downwards.
There is a stone staircase leading up here.
You hit the yak. The yak gores you.
* * * LOW HITPOINT WARNING * * *
You barely miss the yak. You block the yak's attack.
You closely miss the yak. The yak gores you!
You die...

Skill      XL: |  1  2  3  4  5  6  7  8 |
---------------+-------------------------+-----
Shields        | 4 5 6 7 |  7.9
Fighting       | 4 5 6 7 |  7.8
Armour         | 4 5 6 7 |  7.8
Long Blades    | 3 4 6 7 |  7.2

Action                   |  1- 3 |  4- 6 |  7- 9 || total
-------------------------+-------+-------+-------++-------
Melee: Long sword        |    88 |   130 |   146 ||   364
       Headbutt          |     8 |    18 |    34 ||    60
Throw: Boomerang         |       |       |     4 ||     4
       Dart              |       |       |     2 ||     2
Armor: Scale mail        |    39 |    47 |       ||    86
       Chain mail        |       |       |    69 ||    69
Dodge: Dodged            |    49 |    46 |    34 ||   129
Block: Buckler           |    26 |    26 |    25 ||    77

Levels and vault maps discovered:
D:1:      dpeg_arrival_caged_fury, layout_loops_cross,
          ebering_ecumenical_altar_rust, lemuel_flame_loot_1
D:2:      layout_basic, basic_altar
D:3:      layout_basic, chequers_serial_rivers_marsh, uniq_crazy_yiuf_cottage,
          uniq_ijyb
D:4:      layout_loops_ring, minmay_temple_entry_junction, uniq_sigmund
D:5:      layout_loops_ring, minivault_23, guppyfry_early_lair_pool
D:6:      layout_cave_pools, nzn_random_ring, uniq_grinder
Temple:   eino_temple_scatter_basement

Notes
Turn   | Place    | Note
-------+----------+-------------------------------------------
     0 | D:1      | Faeu the Minotaur Fighter began the quest for the Orb.
     0 | D:1      | Reached XP level 1. HP: 19/19 MP: 0/0
     0 | D:1      | magus.rc [v1.9.6]
     1 | D:1      | Found a runed translucent door.
    48 | D:1      | Found a faded altar of an unknown god.
   125 | D:1      | Reached XP level 2. HP: 27/27 MP: 1/1
   314 | D:1      | Reached skill level 4 in Shields
   316 | D:1      | Reached skill level 4 in Fighting
   316 | D:1      | Reached skill level 4 in Armour
   495 | D:1      | Reached skill level 3 in Long Blades
   523 | D:1      | Reached XP level 3. HP: 29/33 MP: 2/2
  1239 | D:2      | Found a sacrificial altar of Ru.
  1400 | D:2      | Reached XP level 4. HP: 41/41 MP: 3/3
  2057 | D:3      | Noticed a scorpion
  2075 | D:2      | Killed a scorpion
  2354 | D:3      | Reached XP level 5. HP: 47/47 MP: 4/4
  2523 | D:3      | Noticed Ijyb
  2538 | D:3      | Killed Ijyb
  2702 | D:3      | Reached skill level 4 in Long Blades
  2795 | D:3      | Found a runed translucent door.
  2796 | D:3      | Noticed Crazy Yiuf
  2995 | D:3      | Killed Crazy Yiuf
  2996 | D:3      | Reached skill level 5 in Fighting
  2996 | D:3      | Reached skill level 5 in Armour
  2996 | D:3      | Reached skill level 5 in Shields
  3048 | D:4      | Noticed a phantom
  3172 | D:4      | Reached XP level 6. HP: 34/56 MP: 5/5
  3522 | D:4      | Noticed Sigmund
  3577 | D:4      | HP: 9/56 [something (6)]
  3587 | D:4      | HP: 4/56 [something (2)]
  3588 | D:4      | Killed Sigmund
  3589 | D:4      | Reached XP level 7. HP: 5/62 MP: 6/6
  3930 | D:4      | Reached skill level 5 in Long Blades
  4058 | D:4      | Found a staircase to the Ecumenical Temple.
  4067 | Temple   | Entered the Ecumenical Temple
  4272 | Temple   | Became a worshipper of Elyvilon the Healer
  4422 | D:4      | Reached skill level 6 in Shields
  4425 | D:4      | Reached skill level 6 in Fighting
  4425 | D:4      | Reached skill level 6 in Armour
  4426 | D:4      | HP: 11/63 [orc priest/divine providence (13)]
  4844 | D:5      | Entered Level 5 of the Dungeon
  4904 | D:5      | Noticed a yak
  5131 | D:5      | HP: 10/64 [ogre/+0 giant spiked club (20)]
  5134 | D:5      | Reached skill level 6 in Long Blades
  5134 | D:5      | Reached XP level 8. HP: 12/71 MP: 7/7
  5606 | D:5      | Reached skill level 7 in Shields
  5754 | D:5      | Reached skill level 7 in Fighting
  5754 | D:5      | Reached skill level 7 in Armour
  5839 | D:5      | Reached * piety under Elyvilon
  6029 | D:5      | Reached skill level 7 in Long Blades
  6038 | D:5      | HP: 17/74 [yak (4)]
  6041 | D:5      | HP: 8/74 [yak (8)]
  6047 | D:5      | Elyvilon protects you from harm!
  6049 | D:6      | HP: 9/74 [yak (1)]
  6051 | D:6      | Slain by a yak

Vanquished Creatures
  Sigmund (D:4)
  4 yaks (D:5)
  A water moccasin (D:5)
  A necrophage (D:4)
  An ogre (D:5)
  A centaur (D:5)
  A phantom (D:4)
  2 scorpions
  A water moccasin zombie (D:5)
  A centaur zombie (D:5)
  A jelly (D:5)
  Crazy Yiuf (D:3)
  2 orc priests
  Ijyb (D:3)
  An iguana (D:5)
  4 orc wizards
  A hound skeleton (D:5)
  3 gnolls (D:5)
  6 adders
  An ufetubus (D:4)
  An adder skeleton (D:4)
  A worm (D:2)
  3 dart slugs
  11 orcs
  9 endoplasms
  4 giant cockroaches
  5 goblins
  7 hobgoblins
  5 jackals
  7 kobolds
  7 quokkas
  6 ball pythons
  6 bats
  6 frilled lizards
  4 rats
117 creatures vanquished.

Vanquished Creatures (others)
  A goblin (D:1)
  A fungus (D:3)
2 creatures vanquished.

Grand Total: 119 creatures vanquished

Table legend:
 A = Non-vault XP
 B = Vault XP
 C = Vault XP percentage of total XP
 D = Non-vault monster count
 E = Vault monster count
 F = Vault count percentage of total count
                 A         B        C        D         E       F
            +---------+---------+-------+---------+---------+-------
      Total |    2343 |     320 |  12.0 |     113 |       4 |   3.4
            +---------+---------+-------+---------+---------+-------
        D:1 |      49 |       0 |   0.0 |      29 |       0 |   0.0
        D:2 |     138 |       0 |   0.0 |      17 |       0 |   0.0
        D:3 |      58 |      76 |  56.7 |      23 |       2 |   8.0
        D:4 |     511 |     231 |  31.1 |      24 |       1 |   4.0
        D:5 |    1587 |      13 |   0.8 |      20 |       1 |   4.8
            +---------+---------+-------+---------+---------+-------

Illustrated notes

Table legend:
 A = Kills in this place as a percentage of kills in entire the game.
 B = Kills by you in this place as a percentage of kills by you in the entire game.
 C = Kills by friends in this place as a percentage of kills by friends in the entire game.
 D = Other kills in this place as a percentage of other kills in the entire game.
 E = Experience gained in this place as a percentage of experience gained in the entire game.
 F = Experience gained in this place divided by the number of levels of this place that you have seen.
                   A       B       C       D       E      F
               +-------+-------+-------+-------+-------+----------------------
         Total | 100.0 | 100.0 |   N/A |   N/A | 100.0 | 380.4
       Dungeon | 100.0 | 100.0 |   N/A |   N/A | 100.0 | 443.8
               +-------+-------+-------+-------+-------+----------------------

Table legend: (Time is in decaauts)
 A = Elapsed time spent in this place.
 B = Non-inter-level travel time spent in this place.
 C = Inter-level travel time spent in this place.
 D = Time resting spent in this place.
 E = Time spent auto-exploring this place.
 F = Levels seen in this place.
 G = Mean time per level.
                   A        B        C        D        E       F      G
               +--------+--------+--------+--------+--------+-----+--------+
         Total |   6143 |   5946 |    197 |    293 |   4024 |   7 |  877.6 |
       Dungeon |   5924 |   5727 |    197 |    293 |   3871 |   6 |  987.3 |
        Temple |    218 |    218 |      0 |      0 |    153 |   1 |  218.0 |
               +--------+--------+--------+--------+--------+-----+--------+

Top non-repeatable levels by time:
     D:4: 1958 daAuts
     D:1: 1210 daAuts
     D:2: 1024 daAuts
     D:5: 866 daAuts
     D:3: 862 daAuts
  Temple: 218 daAuts
     D:6: 2 daAuts
